 Dungeon Crawl Stone Soup version 0.24.0-125-gc4c63601f3 (webtiles) character file.

Game seed: 10339938715893693854, levelgen mode: deterministic

594802 diiiiiane the Archmage (level 26, -22/127 HPs)
             Began as a Deep Elf Fire Elementalist on Mar 20, 2020.
             Was the Champion of Vehumet.
             Killed from afar by an ancient lich (34 damage)
             ... with a lance of force
             ... on level 4 of the Vaults on Mar 22, 2020.
             The game lasted 09:50:11 (90764 turns).

diiiiiane the Archmage (DEFE)                      Turns: 90764, Time: 09:50:11

Health: -22/127    AC: 10    Str:  5    XL:     26   Next: 31%
Magic:  44/56      EV: 21    Int: 33    God:    Vehumet [******]
Gold:   3129       SH:  9    Dex: 18    Spells: 2/79 levels left

rFire    + + +     SeeInvis +   t - staff of fire
rCold    x x .     Gourm    .   y - +0 buckler "Barr" {rElec rF- rCorr Int+4}
rNeg     + + .     Faith    .   p - +1 robe of Insatiable Hunger {rN+ Stlth+}
rPois    .         Spirit   .   f - +2 hat {SInv}
rElec    +         Reflect  .   E - scarf {rC+ rF+}
rCorr    +         Harm     .   H - +0 pair of fencer's gloves {Riposte Dex+3}
MR       ++...                  g - +1 pair of boots {run}
Stlth    +++++.....             k - amulet of magic regeneration
HPRegen  0.31/turn              C - ring of fire
MPRegen  0.60/turn              Q - ring of positive energy

@: immune to fire clouds, about to teleport, constricted, studying 2 skills,
quick
A: repulsion field 1, large bone plates 1, thin metallic scales 1, dopey 2, fire
resistance 1
}: 3/15 runes: barnacled, slimy, gossamer
a: Renounce Religion


You were on level 4 of the Vaults.
You worshipped Vehumet.
Vehumet was exalted by your worship.
You were not hungry.

You visited 11 branches of the dungeon, and saw 53 of its levels.
You also visited: Wizlab.

You collected 6400 gold pieces.
You spent 3271 gold pieces at shops.

Inventory:

Hand Weapons
 S - the +3 short sword "Qaguqicoo" {venom, rPois Str+3}
   (You found it on level 15 of the Dungeon)

   It poisons the flesh of those it strikes.
   It affects your strength (+3).
   It protects you from poison.
Armour
 f - a +2 hat of see invisible (worn)
 g - a +1 pair of boots of running (worn)
 p - the +1 robe of Insatiable Hunger (worn) {rN+ Stlth+}
   (You found it on level 4 of the Shoals)

   It protects you from negative energy.
   It makes you more stealthy.
 v - a +2 robe of cold resistance
 x - the +3 robe of Clouds {+Thunder rCloud rElec}
   (You took it off a Cloud Mage in a wizard's laboratory)

   It insulates you from electricity.
 y - the +0 buckler "Barr" (worn) {rElec rF- rCorr Int+4}
   (You acquired it on level 4 of the Lair of Beasts)

   It affects your intelligence (+4).
   It makes you vulnerable to fire.
   It insulates you from electricity.
   It provides partial protection from all sources of acid and corrosion.
 E - a scarf of resistance (worn)
 H - the +0 pair of fencer's gloves (worn) {Riposte Dex+3}
   (You acquired it on level 3 of the Depths)

   It affects your dexterity (+3).
 R - a +2 robe of magic resistance
Magical Staves
 t - an uncursed staff of fire (weapon)
Jewellery
 k - an amulet of magic regeneration (around neck)
 o - the ring of the Hero {rElec rF+ rC+ Dex+8 Stlth-}
   (You acquired it on level 4 of the Lair of Beasts)

   [ring of protection from fire]

   It affects your dexterity (+8).
   It protects you from fire.
   It protects you from cold.
   It insulates you from electricity.
   It makes you less stealthy.
 C - a ring of fire (left hand)
 Q - a ring of positive energy (right hand)
 Y - the ring "Vaithryoc" {rElec rPois MP+9 Str-3 Stlth+}
   (You took it off a spriggan air mage on level 1 of the Depths)

   [ring of stealth]

   It affects your strength (-3).
   It insulates you from electricity.
   It protects you from poison.
   It affects your magic capacity (+9).
   It makes you more stealthy.
Wands
 e - a wand of disintegration (39)
 m - a wand of polymorph (41)
 G - a wand of digging (13)
 I - a wand of clouds (17)
 P - a wand of paralysis (56)
 U - a wand of acid (34)
 V - a wand of enslavement (24)
 W - a wand of random effects (45)
 X - a wand of scattershot (11)
 Z - a wand of iceblast (43)
Scrolls
 d - 3 scrolls of summoning
 l - 8 scrolls of magic mapping
 r - 11 scrolls of teleportation
 w - 12 scrolls of amnesia
 A - 3 scrolls of holy word
 B - 4 scrolls of blinking
 D - 7 scrolls of fog
 F - 2 scrolls of torment
 J - 6 scrolls of vulnerability
 N - 6 scrolls of immolation
 T - 7 scrolls of fear
Potions
 a - 9 potions of ambrosia
 b - 5 potions of cancellation
 h - 7 potions of resistance
 i - 8 potions of haste
 j - 3 potions of magic
 n - 6 potions of flight
 q - 4 potions of mutation
 s - 5 potions of berserk rage
 K - 8 potions of curing
 L - 7 potions of might
 O - 8 potions of lignification
Books
 u - a manual of Staves
 z - a manual of Dodging
Miscellaneous
 M - a lightning rod (4/4)
Comestibles
 c - 32 rations


   Skills:
 - Level 2.6 Fighting
 + Level 0.3 Short Blades
 - Level 8.4 Staves
 - Level 0.2 Armour
 + Level 12.5 Dodging
 + Level 8.2 Stealth
 - Level 4.0 Shields
 O Level 27 Spellcasting
 + Level 26.3 Conjurations
 + Level 6.0 Charms
 O Level 27 Fire Magic
 + Level 5.4 Ice Magic
 + Level 6.5 Air Magic
 + Level 10.4 Earth Magic
 + Level 6.5 Poison Magic
 + Level 2.7 Evocations


You had 2 spell levels left.
You knew the following spells:

 Your Spells              Type           Power        Failure   Level  Hunger
a - Fire Storm            Conj/Fire      #########.   1%          9    ###....
b - Throw Flame           Conj/Fire      ######       0%          2    None
d - Sticky Flame          Conj/Fire      ########     0%          4    None
e - Fireball              Conj/Fire      #########.   0%          5    None
f - Ignite Poison         Fire/Tmut/Pois ########     0%          3    None
g - Ring of Flames        Chrm/Fire      #########.   1%          7    None
h - Iskenderun's Battles  Conj/Chrm      ########     0%          5    None
i - Freezing Cloud        Conj/Ice/Air   #######...   1%          6    None
j - Mephitic Cloud        Conj/Pois/Air  #######.     0%          3    None
k - Venom Bolt            Conj/Pois      ########..   0%          5    None
l - Bolt of Fire          Conj/Fire      #########.   0%          6    None
m - Ignition              Fire           ##########   1%          8    None
n - Iron Shot             Conj/Erth      ########..   1%          6    None
o - Chain Lightning       Conj/Air       ########..   1%          8    None

Your spell library contained the following spells:

 Spells                   Type           Power        Failure   Level  Hunger
 Glaciate                 Conj/Ice       #######...   19%         9    ###....
 Flame Tongue             Conj/Fire      #####        0%          1    None
 Sandblast                Erth           ######       0%          1    None
 Sting                    Conj/Pois      ####         0%          1    None
 Animate Skeleton         Necr           N/A          1%          1    None
 Apportation              Tloc           #####.       1%          1    None
 Beastly Appendage        Tmut           #####.       1%          1    None
 Confusing Touch          Hex            #####.       1%          1    None
 Corona                   Hex            #####..      1%          1    None
 Infusion                 Chrm           ####         1%          1    None
 Summon Butterflies       Summ           #####...     1%          1    None
 Summon Small Mammal      Summ           ####         1%          1    None
 Ensorcelled Hibernation  Hex/Ice        ######       1%          2    None
 Passwall                 Tmut/Erth      ######..     1%          2    None
 Poisonous Vapours        Pois/Air       ######       1%          2    None
 Shroud of Golubria       Chrm/Tloc      ######       1%          2    None
 Song of Slaying          Chrm           ######..     1%          2    None
 Sticks to Snakes         Tmut           #####...     1%          2    None
 Swiftness                Chrm/Air       ######..     1%          2    None
 Conjure Flame            Conj/Fire      ########     0%          3    None
 Dazzling Spray           Conj/Hex       ######       0%          3    None
 Inner Flame              Hex/Fire       ########     0%          3    None
 Static Discharge         Conj/Air       ########     0%          3    None
 Stone Arrow              Conj/Erth      ######       0%          3    None
 Bolt of Magma            Conj/Fire/Erth #########.   0%          5    None
 Orb of Destruction       Conj           ########..   0%          7    None
 Call Canine Familiar     Summ           #####...     1%          3    None
 Confuse                  Hex            #####...     1%          3    None
 Gell's Gravitas          Tloc           #####.....   1%          3    None
 Recall                   Summ/Tloc      N/A          1%          3    None
 Regeneration             Chrm/Necr      ######....   1%          3    None
 Spectral Weapon          Hex/Chrm       ######..     1%          3    None
 Spider Form              Tmut/Pois      ######....   1%          3    None
 Summon Guardian Golem    Hex/Summ       #####...     1%          3    None
 Tukima's Dance           Hex            #####...     1%          3    None
 Ice Form                 Ice/Tmut       ######..     1%          4    None
 Leda's Liquefaction      Hex/Erth       ######....   1%          4    None
 Olgreb's Toxic Radiance  Pois           ######..     1%          4    None
 Petrify                  Tmut/Erth      ######..     1%          4    None
 Summon Ice Beast         Ice/Summ       ######..     1%          4    None
 Summon Lightning Spire   Summ/Air       ######..     1%          4    None
 Borgnjor's Vile Clutch   Necr/Erth      ######....   1%          5    None
 Lee's Rapid Deconstruct  Erth           #######...   1%          5    None
 Conjure Ball Lightning   Conj/Air       ########..   1%          6    None
 Poison Arrow             Conj/Pois      ########..   1%          6    None
 Spellforged Servitor     Conj/Summ      #######...   1%          7    None
 Lehudib's Crystal Spear  Conj/Erth      ########..   1%          8    None
 Silence                  Hex/Air        ######....   3%          5    None
 Animate Dead             Necr           N/A          4%          4    None
 Cause Fear               Hex            #####.....   4%          4    None
 Passage of Golubria      Tloc           N/A          4%          4    None
 Excruciating Wounds      Chrm/Necr      ######....   4%          5    None
 Metabolic Englaciation   Hex/Ice        ######....   4%          5    None
 Yara's Violent Unravell  Hex/Tmut       #####.....   4%          5    None
 Deflect Missiles         Chrm/Air       ######....   6%          6    None
 Statue Form              Tmut/Erth      ######...    9%          6    None
 Aura of Abjuration       Summ           #####.....   14%         5    None
 Blade Hands              Tmut           #####.....   14%         5    None
 Summon Demon             Summ           #####.....   14%         5    None
 Summon Forest            Summ/Tloc      #####.....   14%         5    None
 Summon Mana Viper        Hex/Summ       #####...     14%         5    None
 Simulacrum               Ice/Necr       ######....   26%         6    None
 Darkness                 Hex            #####.....   58%         6    None
 Death Channel            Necr           #####.....   58%         6    None
 Invisibility             Hex            #####...     58%         6    None
 Shadow Creatures         Summ           N/A          58%         6    None
 Malign Gateway           Summ/Tloc      #####.....   99%         7    None
 Monstrous Menagerie      Summ           #####.....   99%         7    None
 Summon Greater Demon     Summ           #####.....   99%         7    None
 Summon Hydra             Summ           #####.....   99%         7    None
 Summon Horrible Things   Summ           #####.....   100%        8    None


Dungeon Overview and Level Annotations

Branches:
Dungeon (15/15)            Temple (1/1) D:7            Lair (6/6) D:10
 Shoals (4/4) Lair:4       Spider (4/4) Lair:2        Slime (5/5) Lair:5
    Orc (2/2) D:11            Elf (3/3) Orc:2        Vaults (5/5) D:13
  Crypt (3/3) Vaults:3       Tomb (0/3) Crypt:3      Depths (5/5) D:15
    Zot (0/5) Depths:5     WizLab (visited)

Altars:
Ashenzari
Cheibriados
Gozag
Hepliaklqana
Kikubaaqudgha
Makhleb
Qazlal
Ru
Sif Muna
Trog
Uskayaw
Vehumet
Wu Jian
Xom
The Shining One
Beogh
Lugonu

Shops:
D:5 :   Orc:2 *!((   Elf:1 !   Elf:2 !   Shoals:1 ?   Shoals:2 ?([?[

Portals:
Hell: Depths:1 Depths:2 Depths:3 Depths:4 Depths:5
Abyss: Depths:3 Depths:4
Pandemonium: Depths:3
Ziggurat: Depths:1
Trove: Vaults:1 (give 16 scrolls of teleportation)


Innate Abilities, Weirdness & Mutations

You are surrounded by a mild repulsion field. (EV +2)
You are partially covered in large bone plates. (SH +4)
You are partially covered in thin metallic scales. (AC +2)
You are very dopey. (Int -4)
Your flesh is heat resistant. (rF+)


Message History

* * * LOW HITPOINT WARNING * * *
The tentacled monstrosity constricts you!
The ancient lich completely misses you.
You riposte.
You hit the ancient lich but do no damage.
You burn the ancient lich!
The ancient lich is lightly damaged.
The ironheart preserver is engulfed in blazing flames.
You block the ironheart preserver's attack.
You feel better.
The tentacled monstrosity is engulfed in blazing flames.
You block the tentacled monstrosity's attack.
The tentacled monstrosity tentacle-slaps you!
* * * LOW HITPOINT WARNING * * *
The tentacled monstrosity tentacle-slaps you but does no damage.
* * * LOW HITPOINT WARNING * * *
The tentacled monstrosity constricts you.
The ancient lich is engulfed in blazing flames.
The ancient lich points at you and mumbles some strange words.
The lance of force hits you!!
You die...

.# #....# .# #....# .# #....# .#
#....# .# ##############....#
#### .# #..[........##....# #...
.# #)..........##....# #... .#
#...[.p○L...##....# #... .#
#.[...○@○...##....# #... .#
#.....°X○...##....# #... .#
#......$....##....# #...
.#################'####....######
.)...............................
.................................
.######################..[.######
.# #....# .# ############# #....#


You could see a tentacled monstrosity, an ironheart preserver and an ancient
lich.

Vanquished Creatures
  the Royal Jelly (Slime:5)
  Dissolution (Slime:2)
  3 ancient liches
  2 juggernauts (Depths:5)
  Frederick (Crypt:3)
  Xtahua (Depths:3)
  A curse toe (Crypt:3)
  Nikola (Spider:1)
  A golden dragon (Depths:4)
  Jory (Depths:3)
  Jorgrun (Shoals:3)
  A Cloud Mage (WizLab)
  4 liches
  A tentacled monstrosity (Depths:1)
  4 deep elf blademasters
  A quicksilver dragon (Vaults:5)
  4 titans (Vaults:5)
  2 krakens
  3 deep elf master archers
  30 acid blobs
  3 sphinxes (Vaults:5)
  2 shadow dragons
  4 storm dragons
  9 ancient champions
  Kirke (Spider:1)
  A storm dragon (shapeshifter) (Depths:4)
  6 tengu reavers
  2 draconian monks (Depths:5)
  Roxanne (Elf:2)
  A shadow dragon (shapeshifter) (Depths:4)
  Donald (Spider:1)
  A revenant (Crypt:2)
  12 fire giants
  A daeva (Depths:2)
  10 frost giants
  7 deep elf sorcerers
  13 azure jellies
  11 vault wardens
  A balrug (Depths:2)
  5 ghost moths
  Louise (Spider:1)
  Aizul (Spider:4)
  3 deep elf elementalists (Elf:3)
  3 emperor scorpions
  2 curse skulls
  4 iron dragons
  A draconian shifter (Depths:5)
  17 stone giants
  2 reapers
  23 very ugly things
  A spriggan defender (Depths:1)
  5 entropy weavers
  6 vampire knights
  16 ironheart preservers
  4 caustic shrike skeletons (Crypt:3)
  6 ghouls
  The ghost of ttag the Severer, a journeyman MiBe of Trog (Shoals:1)
  3 war gargoyles (Depths:4)
  A green draconian (Depths:5)
  8 deep elf demonologists
  Azrael (Elf:2)
  A black draconian (Depths:5)
  A yellow draconian (Depths:5)
  6 spark wasps
  A purple draconian (Depths:5)
  A dire elephant (Lair:6)
  4 eidola
  13 deep elf annihilators
  A merfolk javelineer (Shoals:4)
  A white draconian (Depths:5)
  A green death (Depths:3)
  A crystal guardian (Depths:4)
  14 ettins
  7 death oozes
  13 deep elf death magi
  Josephine (D:11)
  3 blizzard demons
  3 deep elf high priests (Elf:3)
  9 fire dragons
  2 jiangshi (Depths:3)
  6 yaktaur captains
  15 great orbs of eyes
  8 merfolk impalers
  32 vault guards
  2 quicksilver dragon skeletons (Crypt:3)
  4 juggernaut simulacra (Depths:4)
  9 ice dragons
  2 ghost crabs (WizLab)
  5 rakshasas
  6 hydras
  A merfolk avatar (Shoals:1)
  2 catoblepae (Lair:6)
  5 spriggan air magi
  2 satyrs
  12 centaur warriors
  15 deep troll shamans
  31 two-headed ogres
  Erica (D:11)
  An alligator (shapeshifter) (Vaults:1)
  6 death knights
  5 merfolk aquamancers
  A satyr (shapeshifter) (Vaults:5)
  36 dancing weapons
  3 death yaks (Lair:6)
  2 spriggan berserkers (Depths:3)
  A queen ant (Spider:1)
  13 ogre magi
  The ghost of Ciri the Geomancer, a novice GrEE of Sif Muna (D:11)
  5 vampire magi
  6 tengu warriors
  8 deep troll earth magi
  2 sun demons (Depths:2)
  A shock serpent (WizLab)
  A titan zombie (Crypt:1)
  Nergalle (D:11)
  2 soul eaters
  16 deep elf knights
  4 titan skeletons (Crypt:3)
  4 flayed ghosts
  27 skeletal warriors
  10 hell knights
  4 iron trolls
  6 shadow wraiths
  2 salamander mystics
  2 unseen horrors
  28 deep trolls
  11 sea snakes
  8 glowing orange brains
  5 death drakes (WizLab)
  A storm dragon skeleton (Crypt:3)
  17 ironbrand convokers
  13 wizards
  14 deep elf archers
  An anaconda skeleton (Crypt:3)
  A lindwurm (D:13)
  5 necromancers
  9 phantasmal warriors
  12 orc knights
  23 harpies
  38 wolf spiders
  2 shadow dragon zombies
  A stone giant zombie (Vaults:2)
  2 wolf spider zombies
  A mana viper (Depths:4)
  8 orb spiders
  An orb spider (shapeshifter) (Vaults:3)
  An orc sorcerer (Vaults:4)
  54 deep elf magi
  8 salamanders
  2 golden dragon skeletons (Crypt:3)
  4 iron dragon skeletons (Crypt:3)
  13 manticores
  7 oklob plants
  41 ugly things
  8 shining eyes
  17 fauns
  11 cyclopes
  Joseph (D:8)
  2 fire giant skeletons
  2 stone giant skeletons (Crypt:3)
  A centaur zombie (D:10)
  20 vault sentinels
  4 moths of wrath
  4 black mambas
  A torpor snail (Spider:2)
  2 ice statues (Depths:3)
  A naga mage (Depths:4)
  A dire elephant zombie (Crypt:2)
  4 apocalypse crabs
  7 merfolk sirens
  8 elephants
  2 guardian serpents (shapeshifter)
  2 water nymphs (Shoals:4)
  2 eyes of devastation
  A torpor snail (shapeshifter) (Vaults:5)
  2 gargoyles
  2 spectral iron trolls (Crypt:2)
  13 spiny frogs
  A red draconian zombie (Crypt:2)
  A rime drake (Lair:3)
  A kobold demonologist (D:13)
  2 dire elephant skeletons (Crypt:3)
  7 freezing wraiths
  A komodo dragon (shapeshifter) (Vaults:2)
  7 demonic crawlers
  2 human skeletons
  2 efreet
  44 yaktaurs
  A black draconian skeleton (Crypt:1)
  A spectral deep troll (Crypt:2)
  8 komodo dragons
  3 ice devils (Depths:3)
  15 trolls
  A sea snake zombie (Crypt:3)
  5 polar bears
  A pale draconian skeleton (Crypt:1)
  A queen bee (D:14)
  A tyrant leech (shapeshifter) (Vaults:5)
  18 merfolk
  5 guardian mummies (Crypt:3)
  3 meliai (D:14)
  6 tengu conjurers
  26 jumping spiders
  A hydra zombie (Crypt:1)
  8 wind drakes
  2 trolls (shapeshifter)
  A polar bear (shapeshifter) (Depths:5)
  A hornet (shapeshifter) (Vaults:3)
  12 hornets
  A large abomination (Depths:3)
  Grinder (D:4)
  2 raiju (shapeshifter)
  101 slime creatures
  2 snapping turtles
  5 dream sheep (Lair:4)
  2 sphinx simulacra
  13 blink frogs
  11 hippogriffs
  A satyr skeleton (Crypt:3)
  A vampire (D:12)
  2 stone giant simulacra
  Sigmund (D:2)
  3 bog bodies
  3 flying skulls (Crypt:1)
  A shadow (Crypt:1)
  An ice dragon skeleton (Crypt:3)
  17 air elementals
  A redback (shapeshifter) (Depths:4)
  13 water elementals
  An alligator skeleton (Crypt:3)
  86 redbacks
  A spriggan (Depths:3)
  A basilisk (shapeshifter) (D:13)
  44 tarantellas
  4 wyverns
  2 black mamba skeletons
  2 hogs (Spider:1)
  14 wraiths
  2 humans (shapeshifter)
  4 hungry ghosts
  7 fire elementals
  40 yaks
  2 steam dragons
  4 basilisks
  A chaos spawn (Depths:3)
  15 golden eyes
  An elf skeleton (Vaults:4)
  A yaktaur simulacrum (Vaults:3)
  9 vampire mosquitoes
  An infernal demonspawn zombie (Crypt:1)
  A warg (shapeshifter) (Vaults:5)
  4 wargs
  26 soldier ants
  An insubstantial wisp (Depths:3)
  2 acid dragons
  A floating eye (shapeshifter) (Depths:3)
  A faun zombie (Crypt:2)
  12 water moccasins
  9 porcupines
  A soldier ant (shapeshifter) (Vaults:3)
  7 hell hounds
  A floating eye (Slime:3)
  25 orc warriors
  An elf zombie (Vaults:3)
  5 sky beasts
  2 black bears
  10 eyes of draining
  A hornet zombie (Crypt:2)
  3 phantoms
  A blink frog zombie (Crypt:3)
  2 ice beasts
  2 necrophages
  26 boggarts
  39 ogres
  12 wolves
  A manticore skeleton (Crypt:1)
  24 centaurs
  17 crocodiles
  A hog skeleton (Crypt:1)
  18 bullfrogs
  2 big kobolds
  2 human zombies
  4 earth elementals
  A wyvern zombie (Crypt:3)
  A glowing shapeshifter simulacrum (Vaults:4)
  A water moccasin zombie (D:6)
  A scorpion (shapeshifter) (Elf:3)
  A water moccasin skeleton (D:12)
  4 scorpions
  A raiju zombie (Crypt:2)
  A small abomination (Depths:3)
  2 human simulacra (Vaults:2)
  2 spriggan zombies (Crypt:2)
  A snapping turtle simulacrum (Crypt:1)
  40 killer bees
  18 wights (Crypt:3)
  A raiju skeleton (Crypt:1)
  4 howler monkeys (D:12)
  7 jellies
  An electric eel (D:6)
  A howler monkey (shapeshifter) (Vaults:5)
  6 crimson imps
  16 orc priests
  A gnoll shaman (D:5)
  7 centaur skeletons
  8 hounds
  24 orc wizards
  Jessica (D:2)
  An iguana (shapeshifter) (Depths:3)
  3 iguanas
  2 hell rats
  Ijyb (D:5)
  32 worker ants
  A big kobold skeleton (Crypt:1)
  A big kobold zombie (Crypt:3)
  A dwarf skeleton (Crypt:2)
  A demigod skeleton (Crypt:3)
  A crocodile skeleton (Crypt:1)
  A hound zombie (D:6)
  A hound skeleton (D:4)
  7 mummies (Crypt:3)
  A howler monkey zombie (D:5)
  A worker ant zombie (Crypt:3)
  7 gnolls
  10 adders
  8 shadow imps
  4 oozes
  4 adder zombies
  3 adder skeletons
  4 worms
  A dart slug (D:3)
  5 leopard geckos
  70 orcs
  10 bats
  12 giant cockroaches
  11 goblins
  8 hobgoblins
  15 jackals
  4 quokkas
  A ball python skeleton (D:5)
  3 frilled lizards
  A frilled lizard skeleton (Crypt:1)
  A hobgoblin zombie (Crypt:1)
  A jackal skeleton (D:7)
  9 kobolds
  A quokka zombie (D:8)
  8 rats
  2 fire vortices
  4 fungi
  12 plants
  3 tentacles
2429 creatures vanquished.

Vanquished Creatures (collateral kills)
  A storm dragon (Depths:5)
  A storm dragon (shapeshifter) (Depths:4)
  A frost giant (Depths:3)
  A war gargoyle (Depths:4)
  A fire dragon (Depths:5)
  A juggernaut simulacrum (Depths:4)
6 creatures vanquished.

Vanquished Creatures (others)
  A red draconian (Depths:5)
  A death drake (WizLab)
  An apocalypse crab (WizLab)
  A jumping spider (Spider:1)
  3 redbacks (Spider:1)
  56 fire vortices
  6 fungi
  41 plants
  12 tentacles
122 creatures vanquished.

Grand Total: 2557 creatures vanquished

Notes
Turn   | Place    | Note
-------+----------+-------------------------------------------
     0 | D:1      | diiiiiane the Deep Elf Fire Elementalist began the quest
                  | for the Orb.
     0 | D:1      | Reached XP level 1. HP: 10/10 MP: 6/6
   256 | D:1      | Reached XP level 2. HP: 12/15 MP: 6/8
   260 | D:1      | Learned a level 2 spell: Throw Flame
   708 | D:1      | Reached XP level 3. HP: 15/19 MP: 1/10
  1072 | D:2      | Noticed Jessica
  1077 | D:2      | Killed Jessica
  1077 | D:2      | Reached XP level 4. HP: 24/24 MP: 8/12
  1085 | D:2      | Learned a level 3 spell: Conjure Flame
  1090 | D:2      | Learned a level 4 spell: Sticky Flame
  1173 | D:2      | Noticed Sigmund
  1180 | D:2      | Killed Sigmund
  1180 | D:2      | Reached skill level 5 in Spellcasting
  1180 | D:2      | Reached skill level 5 in Fire Magic
  1180 | D:2      | Reached XP level 5. HP: 28/28 MP: 6/14
  1395 | D:2      | Reached XP level 6. HP: 32/32 MP: 10/15
  1402 | D:2      | Learned a level 5 spell: Fireball
  1995 | D:3      | Found a shimmering altar of Xom.
  2003 | D:3      | Found an opulent altar of Gozag.
  2004 | D:3      | Found a burning altar of Makhleb.
  2004 | D:3      | Found a shimmering blue altar of Sif Muna.
  2005 | D:3      | Found a bloodstained altar of Trog.
  2628 | D:4      | Noticed Grinder
  3191 | D:4      | Killed Grinder
  3191 | D:4      | Reached XP level 7. HP: 26/37 MP: 7/18
  3515 | D:5      | Entered Level 5 of the Dungeon
  3733 | D:5      | Reached skill level 1 in Fighting
  3984 | D:5      | Found Qemef's Book Shop.
  3994 | D:5      | Reached skill level 5 in Conjurations
  3994 | D:5      | Reached XP level 8. HP: 43/43 MP: 16/20
  4168 | D:5      | Found a shattered altar of Ashenzari.
  4442 | D:5      | Noticed Ijyb
  4449 | D:5      | Killed Ijyb
  5513 | D:6      | Reached XP level 9. HP: 47/47 MP: 1/24
  6687 | D:7      | Found a staircase to the Ecumenical Temple.
  6701 | Temple   | Entered the Ecumenical Temple
  6722 | Temple   | Became a worshipper of Vehumet
  6997 | D:7      | Reached skill level 10 in Spellcasting
  7633 | D:8      | Found an ornate altar of the Wu Jian Council.
  7859 | D:8      | Noticed a two-headed ogre
  7864 | D:8      | Killed a two-headed ogre
  7864 | D:8      | Reached XP level 10. HP: 52/52 MP: 13/27
  7864 | D:8      | Noticed a centaur warrior
  8231 | D:8      | Noticed Joseph
  8238 | D:8      | Killed Joseph
  8371 | D:8      | Killed a centaur warrior
  8379 | D:8      | Reached skill level 10 in Fire Magic
  8418 | D:8      | Noticed a cyan ugly thing
  8424 | D:8      | Killed a cyan ugly thing
  8426 | D:8      | Noticed a tengu warrior
  8428 | D:8      | Killed a tengu warrior
  8428 | D:8      | Reached * piety under Vehumet
  8428 | D:8      | Offered knowledge of Sandblast by Vehumet.
  8449 | D:8      | Noticed a cyclops
  8469 | D:8      | Noticed a gargoyle
  8488 | D:8      | Killed a gargoyle
  8488 | D:8      | Reached skill level 5 in Dodging
  8519 | D:8      | Killed a cyclops
  8521 | D:8      | Identified the +6 trident of the Exiled Stories {venom,
                  | +Blink MP-9 Int+5}
  8752 | D:8      | Got an ancient dagger
  8756 | D:8      | Identified the +6 dagger of Integrity {antimagic, rN++}
                  | (You found it on level 8 of the Dungeon)
  8931 | D:9      | Noticed a two-headed ogre
  9281 | D:9      | Reached XP level 11. HP: 41/57 MP: 2/29
  9490 | D:9      | Killed a two-headed ogre
  9572 | D:9      | Reached skill level 1 in Evocations
  9816 | D:10     | Entered Level 10 of the Dungeon
  9820 | D:10     | Reached skill level 10 in Conjurations
 10012 | D:10     | Noticed a two-headed ogre
 10017 | D:10     | Killed a two-headed ogre
 10054 | D:10     | Offered knowledge of Shock by Vehumet.
 10107 | D:10     | Found a staircase to the Lair.
 10194 | D:10     | Reached ** piety under Vehumet
 10477 | D:10     | Noticed a hell knight
 10809 | D:10     | Reached skill level 5 in Stealth
 11229 | D:11     | Noticed Josephine
 11505 | D:11     | Noticed Erica
 11511 | D:11     | Killed Erica
 11608 | D:11     | Killed Josephine
 12005 | D:11     | Found a staircase to the Orcish Mines.
 12008 | D:11     | Found a runed translucent door.
 12008 | D:11     | Noticed an eight-headed hydra
 12014 | D:11     | Noticed Ciri's ghost (novice GrEE)
 12075 | D:11     | Noticed Nergalle
 12081 | D:11     | Killed Nergalle
 12081 | D:11     | Reached XP level 12. HP: 61/62 MP: 6/32
 12667 | Lair:1   | Entered Level 1 of the Lair of Beasts
 13047 | D:10     | Offered knowledge of Ignite Poison by Vehumet.
 13357 | Lair:1   | Learned a level 3 spell: Ignite Poison
 13976 | Lair:1   | Found a snail-covered altar of Cheibriados.
 14128 | Lair:1   | Reached *** piety under Vehumet
 14349 | Lair:1   | Reached skill level 15 in Spellcasting
 14916 | Lair:2   | Found a hole to the Spider Nest.
 15726 | Orc:1    | Entered Level 1 of the Orcish Mines
 16326 | D:12     | Offered knowledge of Olgreb's Toxic Radiance by Vehumet.
 16416 | D:12     | Noticed a six-headed hydra
 16436 | D:12     | Killed a six-headed hydra
 16436 | D:12     | Reached **** piety under Vehumet
 16584 | D:12     | Noticed a two-headed ogre
 16588 | D:12     | Killed a two-headed ogre
 16588 | D:12     | Reached XP level 13. HP: 68/68 MP: 26/34
 16625 | D:12     | Offered knowledge of Irradiate by Vehumet.
 16946 | D:12     | Learned a level 7 spell: Ring of Flames
 17984 | Orc:1    | Found a roughly hewn altar of Beogh.
 19740 | Lair:4   | Reached ***** piety under Vehumet
 19740 | Lair:4   | Offered knowledge of Iskenderun's Battlesphere by Vehumet.
 19790 | Lair:4   | Identified 3 scrolls of acquirement
 19814 | Lair:4   | Got a dazzling buckler
 19820 | Lair:4   | Identified the +0 buckler "Barr" {rElec rF- rCorr Int+4}
                  | (You acquired it on level 4 of the Lair of Beasts)
 19823 | Lair:4   | Got a glittering wooden ring
 19826 | Lair:4   | Identified the ring of the Hero {rElec rF+ rC+ Dex+8
                  | Stlth-} (You acquired it on level 4 of the Lair of Beasts)
 20100 | Lair:4   | Found a staircase to the Shoals.
 20536 | Lair:4   | Learned a level 5 spell: Iskenderun's Battlesphere
 21092 | Lair:4   | Learned a level 6 spell: Freezing Cloud
 21209 | D:10     | Learned a level 3 spell: Mephitic Cloud
 21294 | D:10     | Reached XP level 14. HP: 71/72 MP: 28/37
 21340 | D:10     | Reached skill level 1 in Air Magic
 21482 | D:10     | Reached skill level 1 in Charms
 21599 | D:11     | Reached skill level 1 in Ice Magic
 21607 | D:11     | Killed Ciri's ghost
 21607 | D:11     | Reached skill level 1 in Poison Magic
 21806 | Orc:2    | Entered Level 2 of the Orcish Mines
 21983 | Orc:2    | Found a radiant altar of Vehumet.
 22033 | Orc:2    | Found a staircase to the Elven Halls.
 22246 | Orc:2    | Offered knowledge of Spellforged Servitor by Vehumet.
 23146 | Orc:2    | Found Aloloq's Distillery.
 23157 | Orc:2    | Found Wiong's Antique Weapon Emporium.
 23162 | Orc:2    | Found Duuc Kui's General Store.
 23163 | Orc:2    | Found Dit Qaus's Antique Weapon Shop.
 23188 | Orc:2    | Bought a scarf of resistance for 448 gold pieces
 23410 | Orc:2    | Bought a potion of heal wounds for 65 gold pieces
 23410 | Orc:2    | Bought a potion of heal wounds for 65 gold pieces
 23410 | Orc:2    | Bought a potion of curing for 39 gold pieces
 23410 | Orc:2    | Bought 2 potions of heal wounds for 130 gold pieces
 23410 | Orc:2    | Bought a potion of curing for 39 gold pieces
 23410 | Orc:2    | Bought a potion of heal wounds for 65 gold pieces
 23516 | Lair:5   | Found a staircase to the Slime Pits.
 23567 | Lair:5   | Learned a level 5 spell: Venom Bolt
 24789 | Lair:6   | Entered Level 6 of the Lair of Beasts
 24849 | Lair:6   | Offered knowledge of Lee's Rapid Deconstruction by Vehumet.
 24854 | Lair:6   | Reached skill level 15 in Fire Magic
 25296 | Lair:6   | Reached skill level 15 in Conjurations
 25372 | Lair:6   | Reached XP level 15. HP: 47/76 MP: 13/40
 27790 | D:13     | Found a shimmering altar of Xom.
 28217 | D:13     | Found a gate to the Vaults.
 28347 | D:13     | Found an ancient bone altar of Kikubaaqudgha.
 28347 | D:13     | Found a glowing silver altar of Zin.
 28349 | D:13     | Found a shattered altar of Ashenzari.
 28349 | D:13     | Found a hazy altar of Hepliaklqana.
 28349 | D:13     | Found an ancient bone altar of Kikubaaqudgha.
 28503 | D:14     | Offered knowledge of Lightning Bolt by Vehumet.
 28601 | D:14     | Reached skill level 1 in Shields
 29753 | D:15     | Entered Level 15 of the Dungeon
 30068 | D:15     | Offered knowledge of Orb of Destruction by Vehumet.
 30461 | D:15     | Noticed a frost giant
 30466 | D:15     | Killed a frost giant
 30472 | D:15     | Found a staircase to the Depths.
 30538 | D:15     | Got a faintly glowing short sword
 30539 | D:15     | Identified the +3 short sword "Qaguqicoo" {venom, rPois
                  | Str+3} (You found it on level 15 of the Dungeon)
 30600 | D:15     | Found a glowing golden altar of the Shining One.
 30745 | D:15     | Found a stormy altar of Qazlal.
 30898 | Spider:1 | Entered Level 1 of the Spider Nest
 31388 | Spider:1 | Reached XP level 16. HP: 81/81 MP: 29/42
 31834 | Spider:1 | Noticed Donald
 31838 | Spider:1 | Killed Donald
 31974 | Spider:1 | Noticed Louise
 31985 | Spider:1 | Killed Louise
 32028 | Spider:1 | You fall into a shaft and drop 1 floor!
 32034 | Spider:1 | Noticed Nikola
 32467 | Spider:1 | Reached ****** piety under Vehumet
 32871 | Spider:1 | Killed Nikola
 33334 | Spider:1 | Noticed Kirke
 33473 | Spider:1 | Killed Kirke
 33767 | Spider:2 | Offered knowledge of Bolt of Fire by Vehumet.
 34424 | Spider:2 | Learned a level 6 spell: Bolt of Fire
 35591 | Spider:4 | Entered Level 4 of the Spider Nest
 36154 | Spider:4 | Offered knowledge of Conjure Ball Lightning by Vehumet.
 36278 | Spider:4 | Noticed Aizul
 36286 | Spider:4 | Killed Aizul
 36532 | Spider:4 | Reached XP level 17. HP: 71/86 MP: 22/44
 37073 | Spider:4 | Offered knowledge of Glaciate by Vehumet.
 37073 | Spider:4 | Offered knowledge of Chain Lightning by Vehumet.
 37073 | Spider:4 | Offered knowledge of Ignition by Vehumet.
 37335 | Spider:4 | Learned a level 8 spell: Ignition
 38579 | Spider:4 | Got a gossamer rune of Zot
 38806 | Shoals:1 | Entered Level 1 of the Shoals
 39577 | Shoals:1 | Found a runed translucent gate.
 39578 | Shoals:1 | Found a runed translucent gate.
 39579 | Shoals:1 | Found a runed translucent gate.
 39591 | Shoals:1 | Noticed ttag's ghost (journeyman MiBe)
 39727 | Shoals:1 | Found Gengia's Magic Scroll Shop.
 39747 | Shoals:1 | Bought a scroll of silence for 105 gold pieces
 39747 | Shoals:1 | Bought a scroll of fear for 49 gold pieces
 40628 | Shoals:2 | Found Tiwkimmia's Magic Scroll Shoppe.
 40636 | Shoals:2 | Bought a scroll of acquirement for 676 gold pieces
 40637 | Shoals:2 | Got a crude copper ring
 40639 | Shoals:2 | Identified the ring "Kadghit" {MP+9 Dex+6} (You acquired it
                  | on level 2 of the Shoals)
 40672 | Shoals:2 | Found Orey's Magic Scroll Emporium.
 40675 | Shoals:2 | Bought a scroll of blinking for 127 gold pieces
 40675 | Shoals:2 | Bought a scroll of summoning for 161 gold pieces
 40675 | Shoals:2 | Bought a scroll of enchant weapon for 127 gold pieces
 40675 | Shoals:2 | Bought a scroll of blinking for 127 gold pieces
 40675 | Shoals:2 | Bought a scroll of teleportation for 51 gold pieces
 40675 | Shoals:2 | Bought a scroll of teleportation for 51 gold pieces
 40744 | Shoals:2 | Found Paqacw's Armour Shoppe.
 40747 | Shoals:2 | Bought a +0 robe of resistance for 443 gold pieces
 40767 | Shoals:2 | Found Xuaqov's Antique Armour Shoppe.
 40775 | Shoals:2 | Found Mexosch's Weapon Shop.
 40874 | Shoals:2 | Noticed a kraken
 41288 | Shoals:3 | Noticed Jorgrun
 41291 | Shoals:3 | Killed Jorgrun
 42415 | Shoals:4 | Entered Level 4 of the Shoals
 42681 | Shoals:4 | Reached XP level 18. HP: 91/91 MP: 32/47
 43172 | Shoals:4 | Got a barnacled rune of Zot
 43463 | Shoals:4 | Identified the Reference Book on Intoxication
 43594 | Shoals:4 | Got a smoking wooden ring
 43596 | Shoals:4 | Identified the ring of Satisfaction {MP+9 Str+2 SInv} (You
                  | found it on level 4 of the Shoals)
 43674 | Shoals:4 | Got a sheer robe
 43680 | Shoals:4 | Identified the +1 robe of Insatiable Hunger {rN+ Stlth+}
                  | (You found it on level 4 of the Shoals)
 43994 | Vaults:1 | Entered Level 1 of the Vaults
 44032 | Vaults:1 | Found a portal to a secret trove of treasure.
 44286 | Vaults:1 | Paralysed by a great orb of eyes for 4 turns
 44980 | Vaults:1 | Noticed a golden dragon
 46496 | Vaults:1 | Reached XP level 19. HP: 70/95 MP: 9/49
 47514 | Vaults:2 | Noticed a Tzitzimitl
 49735 | Vaults:2 | Gained mutation: You possess an exceptional clarity of
                  | mind. [potion of mutation]
 49735 | Vaults:2 | Gained mutation: You are partially covered in thin metallic
                  | scales. (AC +2) [potion of mutation]
 50040 | Vaults:3 | Reached skill level 5 in Poison Magic
 50622 | Vaults:3 | Found a staircase to the Crypt.
 51457 | Vaults:3 | Learned a level 6 spell: Iron Shot
 52050 | Elf:1    | Entered Level 1 of the Elven Halls
 52414 | Elf:1    | Reached XP level 20. HP: 100/100 MP: 39/51
 52504 | Elf:1    | Found a shimmering blue altar of Sif Muna.
 52533 | Elf:1    | Reached skill level 1 in Earth Magic
 53506 | Elf:1    | Found Sosudwebi's Distillery.
 53511 | Elf:1    | Bought a potion of curing for 30 gold pieces
 53511 | Elf:1    | Bought a potion of curing for 30 gold pieces
 53511 | Elf:1    | Bought a potion of heal wounds for 50 gold pieces
 53511 | Elf:1    | Bought a potion of heal wounds for 50 gold pieces
 53511 | Elf:1    | Bought a potion of heal wounds for 50 gold pieces
 54572 | Elf:2    | Got a scorched great sword
 54578 | Elf:2    | Identified the +3 great sword of Tension {drain, *Noise
                  | rPois Str+3} (You found it on level 2 of the Elven Halls)
 54681 | Elf:2    | Identified Roxanne's Guide on Clay
 54681 | Elf:2    | Noticed Roxanne
 54682 | Elf:2    | Found Lysut's Distillery.
 54688 | Elf:2    | Killed Roxanne
 54700 | Elf:2    | Bought a potion of curing for 48 gold pieces
 54767 | Elf:2    | Noticed Azrael
 54968 | Elf:2    | Found a runed translucent gate.
 54968 | Elf:2    | Found a runed translucent gate.
 54968 | Elf:2    | Found a runed translucent gate.
 54991 | Elf:2    | Killed Azrael
 59066 | Vaults:4 | Reached XP level 21. HP: 104/104 MP: 53/53
 59179 | Vaults:5 | Entered Level 5 of the Vaults
 59180 | Vaults:5 | Reached skill level 27 in Spellcasting
 59543 | Elf:3    | Entered Level 3 of the Elven Halls
 60142 | Elf:3    | Reached skill level 10 in Dodging
 60425 | Elf:3    | HP: 2/104 [deep elf master archer/arrow (35)]
 60672 | Elf:3    | Identified the cursed +3 quarterstaff of Balance {flame,
                  | Int+5}
 60877 | Elf:3    | Identified the +5 spear "Imu Gaj" {venom, rC+ Dex+4}
 61062 | Elf:3    | Learned a level 8 spell: Chain Lightning
 62284 | Vaults:5 | Reached XP level 22. HP: 49/109 MP: 11/55
 62529 | Vaults:5 | Noticed an ancient lich
 63371 | Shoals:1 | Killed ttag's ghost
 63547 | Shoals:1 | Got a warped helmet
 63558 | Shoals:1 | Identified the +2 helmet of an ice cave {+Blink Dex+5} (You
                  | found it on level 1 of the Shoals)
 63661 | Slime:1  | Entered Level 1 of the Pits of Slime
 63770 | Slime:1  | Gained mutation: Your spells are a little easier to cast,
                  | but a little less powerful. [a shining eye]
 63772 | Slime:1  | Gained mutation: You are dopey. (Int -2) [a shining eye]
 63798 | Slime:1  | Lost mutation: You possess an exceptional clarity of mind.
                  | [a shining eye]
 63807 | Slime:1  | Gained mutation: You are surrounded by a mild repulsion
                  | field. (EV +2) [a shining eye]
 63808 | Slime:1  | Gained mutation: You have a pair of small antennae on your
                  | head. [a shining eye]
 64261 | Slime:1  | Gained mutation: You are very dopey. (Int -4) [a shining
                  | eye]
 64268 | Slime:1  | Gained mutation: Your flesh is heat resistant. (rF+) [a
                  | shining eye]
 64380 | Slime:1  | Gained mutation: Your body sometimes deteriorates upon
                  | taking damage. [a shining eye]
 64381 | Slime:1  | Gained mutation: You occasionally shout uncontrollably at
                  | your foes. [a shining eye]
 64861 | Slime:2  | Noticed Dissolution
 64867 | Slime:2  | Killed Dissolution
 65277 | Slime:2  | Lost mutation: Your body sometimes deteriorates upon taking
                  | damage. [potion of mutation]
 65277 | Slime:2  | Lost mutation: You occasionally shout uncontrollably at
                  | your foes. [potion of mutation]
 65277 | Slime:2  | Lost mutation: You have a pair of small antennae on your
                  | head. [potion of mutation]
 65277 | Slime:2  | Lost mutation: Your spells are a little easier to cast, but
                  | a little less powerful. [potion of mutation]
 65277 | Slime:2  | Gained mutation: You are partially covered in large bone
                  | plates. (SH +4) [potion of mutation]
 66388 | Slime:5  | Entered Level 5 of the Pits of Slime
 66731 | Slime:5  | Noticed the Royal Jelly
 66737 | Slime:5  | Killed the Royal Jelly
 66896 | Slime:5  | Found the +8 longbow "Zephyr" {speed, Dex+3 SInv}
 66971 | Slime:5  | Got a slimy rune of Zot
 67029 | Slime:5  | Identified the Tome of Arcane Weapons
 67070 | Slime:5  | Got a clouded zirconium amulet
 67072 | Slime:5  | Identified the amulet "Rastam" {Inacc +Blink MR- Dex+2}
                  | (You found it on level 5 of the Pits of Slime)
 67277 | Slime:5  | Reached XP level 23. HP: 113/113 MP: 40/56
 68321 | Crypt:1  | Entered Level 1 of the Crypt
 68805 | Shoals:2 | Bought a heavily jewelled robe for 245 gold pieces
 68817 | Shoals:2 | Identified the cursed +0 robe "Hadots" {+Blink Str-5 Int+5}
                  | (You bought it in a shop on level 2 of the Shoals)
 68817 | Shoals:2 | Lost strength.
 70323 | Crypt:1  | Identified a +0 pair of boots of running (You acquired it
                  | on level 1 of the Crypt)
 72164 | Crypt:3  | Entered Level 3 of the Crypt
 72492 | Crypt:3  | Noticed an ancient lich
 72503 | Crypt:3  | Killed an ancient lich
 73344 | Crypt:3  | Noticed Frederick
 73347 | Crypt:3  | Killed Frederick
 73508 | Crypt:3  | Noticed a curse toe
 73514 | Crypt:3  | Killed a curse toe
 74036 | Crypt:3  | Found a staircase to the Tomb.
 74216 | Crypt:3  | Identified the +3 flail "Giumum" {elec, rPois rC- SInv}
 74411 | Crypt:3  | Noticed an ancient lich
 74537 | Crypt:3  | Killed an ancient lich
 74537 | Crypt:3  | Reached XP level 24. HP: 116/116 MP: 33/56
 74933 | Crypt:3  | Identified Caistrid's Disquisition on Augmentations and
                  | Enchantment
 75383 | Depths:1 | Entered Level 1 of the Depths
 75387 | Depths:1 | Reached skill level 1 in Staves
 75871 | Depths:1 | Reached skill level 5 in Earth Magic
 76007 | Depths:1 | Identified the Handbook of the Assistive Frostbite
 76076 | Depths:1 | Found a magical portal.
 77203 | WizLab   | Paralysed by you for 7 turns
 77682 | WizLab   | Identified the Grimoire of Lightness
 77861 | Depths:1 | Reached skill level 5 in Staves
 77951 | Depths:1 | Found a gateway to a ziggurat.
 78308 | Depths:1 | Identified the +8 hand axe of Chagrin {chop, *Corrode +Fly
                  | rN+}
 78308 | Depths:1 | Identified the ring "Vaithryoc" {rElec rPois MP+9 Str-3
                  | Stlth+}
 79139 | Depths:1 | Found a gateway to Hell.
 79279 | Depths:1 | Reached skill level 27 in Fire Magic
 79482 | Depths:1 | Learned a level 9 spell: Fire Storm
 81011 | Depths:2 | Found a glowing golden altar of the Shining One.
 81804 | Depths:2 | Found the +8 demon blade "Leech" {vamp, rN+ AC-3 EV-3}
 82263 | Depths:2 | Got an obsidian-encrusted plate armour
 82274 | Depths:2 | Identified the +7 plate armour of Uwezott {*Drain rC+++
                  | Regen+ Dex+2} (You acquired it on level 2 of the Depths)
 82933 | Depths:3 | Reached XP level 25. HP: 101/121 MP: 46/56
 83083 | Depths:3 | Found a runed translucent gate.
 83085 | Depths:3 | Found a runed translucent gate.
 83111 | Depths:3 | Found a runed translucent gate.
 83120 | Depths:3 | Noticed Xtahua
 83127 | Depths:3 | Killed Xtahua
 83296 | Depths:3 | Reached skill level 5 in Air Magic
 83602 | Depths:3 | Found a one-way gate leading to the halls of Pandemonium.
 83605 | Depths:3 | Noticed Jory
 83609 | Depths:3 | Killed Jory
 83801 | Depths:3 | Found a corrupted altar of Lugonu.
 83801 | Depths:3 | Found a one-way gate to the infinite horrors of the Abyss.
 84290 | Depths:3 | Noticed an ancient lich
 84345 | Depths:3 | Killed an ancient lich
 86144 | Depths:4 | Reached skill level 5 in Charms
 87201 | Depths:3 | Reached skill level 10 in Earth Magic
 87313 | Depths:3 | Found the +0 pair of fencer's gloves {Riposte Dex+3}
 87452 | Depths:5 | Entered Level 5 of the Depths
 87454 | Depths:5 | Noticed a juggernaut
 87461 | Depths:5 | Killed a juggernaut
 87818 | Depths:5 | Reached XP level 26. HP: 100/127 MP: 56/56
 88167 | Depths:5 | Noticed a juggernaut
 88170 | Depths:5 | Killed a juggernaut
 88538 | Depths:5 | Reached skill level 5 in Ice Magic
 88972 | Depths:5 | Found a gate to the Realm of Zot.
 90224 | Vaults:5 | Identified the ring "Epsapat" {*Tele *Drain rN+ Dex+4}
 90764 | Vaults:4 | Killed from afar by an ancient lich

Levels and vault maps discovered:
D:1:      lemuel_arrival_tunnels, layout_basic, nrook_loot_triangle,
          st_stairs_7, minmay_split_cup_large
D:2:      minmay_angry_zag, layout_basic, uniq_jessica, uniq_sigmund
D:3:      layout_basic, minitemple, first_ration, st_stairs_11
D:4:      layout_basic, uniq_grinder
D:5:      layout_basic, cheibrodos_ashenzari_chains, serial_shops, shop,
          uniq_ijyb
D:6:      layout_basic, lightli_minifort
D:7:      layout_loops_corners, minmay_temple_entry_fiery
D:8:      minmay_the_grid_octo_2x2 [minmay_the_grid_octo_empty,
          minmay_the_grid_octo_concentric, minmay_the_grid_octo_empty,
          minmay_the_grid_octo_prize_star], layout_basic, serial_corexii_hall,
          corexii_hall_statues_deadend, chequers_hall_statues_corner_a,
          basic_altar, blue_anna_alchemist [blue_anna_fruit_fields,
          blue_anna_fruit_fields], minmay_diced_spiral, uniq_joseph
D:9:      layout_roguey
D:10:     layout_basic, david_lair_generic, minmay_rotating_lava
D:11:     layout_gridville, orc_0_dummy, gauntlet_entry_generic,
          ebering_ghost_inner_flame, uniq_erica, uniq_josephine, uniq_nergalle
D:12:     layout_cave_pods
D:13:     layout_cave_pools, david_vaults_4, doesnt_xom_only_xom
D:14:     layout_roguey, minmay_misc_feat_chi, special_room [special_room_bee]
D:15:     grunt_enter_depths_snipers, layout_cave_pools, basic_altar,
          nicolae_qazlal_style_of_elements
Temple:   nicolae_temple_elliptical
Lair:1:   beast_lair_carwin_large_2, layout_cave_pods, basic_altar,
          chequers_serial_rivers_small_b, serial_bayou_shore_b
Lair:2:   layout_roguey, spider_nest_entry_webs
Lair:3:   layout_regular_city, st_stairs_10, minmay_lair_oklob_chamber,
          grunt_megastairs_3
Lair:4:   cheibrodos_lair_overgrown_chateau, layout_gridlike,
          minmay_shoals_entry_lonely_mermaid, zaba_anthole
Lair:5:   layout_loops_ring, minmay_slime_entry_oklob_open
Lair:6:   grunt_lair_end_beastmaster, layout_regular_city
Shoals:1: layout_shoals, gammafunk_ghost_tricky_traps, serial_shops, shop
Shoals:2: layout_shoals, serial_shops, nicolae_shop_behind_doors,
          nicolae_shop_behind_doors, nicolae_shop_overgrown_old_shop,
          nicolae_shop_waterfront, shop_statue
Shoals:3: layout_shoals, uniq_jorgrun
Shoals:4: shoals_end_hangedman, layout_shoals
Spider:1: layout_spider_delve, minivault_29, uniq_kirke, uniq_donald,
          uniq_louise, uniq_nikola
Spider:2: layout_spider_delve
Spider:3: layout_spider_delve
Spider:4: grunt_spider_rune_parallel, drop_trap, uniq_aizul
Slime:1:  layout_caves, nicolae_slime_phagocytosis
Slime:2:  layout_caves, dissolution_awaits
Slime:3:  layout_caves
Slime:4:  layout_caves
Slime:5
Orc:1:    layout_caves, nicolae_orc_lost_temple
Orc:2:    st_orc_open, layout_caves, basic_altar
Elf:1:    layout_loops_cross, serial_shops, nicolae_shop_waterfront,
          minivault_28, minmay_misc_feat_pillars, lemuel_statue_altar
Elf:2:    layout_geoelf_diagonals, serial_shops, shop_fountains, uniq_roxanne,
          uniq_azrael
Elf:3:    grunt_elf_hall_diamonds, layout_geoelf_castle
Vaults:1: nicolae_vaults_little_squares_1, dpeg_vaults_waves,
          dpeg_vaults_monster_row, hangedman_vaults_slice, vaults_mumra_hexcomb,
          grunt_vaults_twisty, v_misc_10, vaults_room_fours,
          nicolae_vaults_little_squares_3, ontoclasm_vaults_gateway,
          ontoclasm_vaults_twist, layout_vaults_chaotic_city, enter_trove_2
Vaults:2: nicolae_vaults_circle_grid_a, nicolae_vaults_fighting_squares,
          nicolae_vaults_network_s, vaults_room_pools,
          nicolae_vaults_three_branches, hangedman_vaults_maws,
          vaults_dpeg_ring, nicolae_vaults_ring_of_whatevers,
          ontoclasm_vaults_loading_screen, nicolae_vaults_little_squares_5,
          v_misc_15, layout_vaults_ring
Vaults:3: minmay_crypt_entry_simple_walls, hangedman_vaults_variations,
          v_misc_14, nicolae_vaults_back_hallway, vaults_mumra_minichess,
          ontoclasm_vaults_ring_small, hangedman_vaults_capsules, v_misc_19,
          vaults_dpeg_doors, nicolae_vaults_little_ls,
          nicolae_vaults_network_star, vaults_dpeg_encased_lava,
          hangedman_vaults_nodes, ontoclasm_vaults_spin, vaults_dpeg_diagonal,
          layout_vaults_maze_bifur
Vaults:4: v_alt_pattern_1, v_misc_24, vaults_room_stairs_pillars,
          ontoclasm_vaults_fault, v_misc_5, ontoclasm_vaults_hangar,
          layout_vaults_quadrants
Vaults:5: serial_shops
Crypt:1:  layout_gridlike, corner_web_ring
Crypt:2:  layout_gridlike, skrybe_necro_troll_2
Crypt:3:  due_elkab, layout_chaotic_city, nicolae_tomb_entry_grand_gallery,
          uniq_frederick
Depths:1: minmay_nine_rooms, layout_basic, enter_ziggurat_c,
          grunt_decor_one_mirror, lightli_enter_wizlab_magi_temple,
          grunt_hell_entry_dis_old, lemuel_nasty_fountain, firewood_loft
Depths:2: abrahamwl_protected_by_tso_3, layout_basic, lightli_too_deep,
          drop_trap
Depths:3: cheibrodos_cascadia, layout_gridlike, abyss_entry_flame_altar,
          grunt_pan_entry_spiral, solitary_fountain, hell_entry,
          pandoras_box_mu, grunt_megastairs_2, uniq_jory, uniq_xtahua
Depths:4: hangedman_crystal_crosses_colossus [crystal_crosses_arms_four,
          crystal_crosses_arms_four, crystal_crosses_arms_two,
          crystal_crosses_arms_two], abyss_entry, hell_entry
Depths:5: grunt_zot_entry_hairpin, layout_cave_shapes,
          pf_vacation_house_of_asmodeus, minmay_strange_pillars,
          serial_bayou_shore_b

Skill      XL: |  1  2  3  4  5  6  7  8  9 10 11 12 13 14 15 16 17 18 19 20 21 22 23 24 25 26 |
---------------+-------------------------------------------------------------------------------+-----
Fire Magic     | 4 5 6 8 9 10 11 13 14 15 16 17 18 19 20 21 23 24 26 27 | 27.0
Spellcasting   | 4 5 6 7 9 11 12 14 15 17 19 20 21 23 24 25 26 27 | 27.0
Dodging        | 3 5 6 7 8 9 10 11 12 | 12.5
Stealth        | 3 4 5 6 7 8 |  8.2
Conjurations   | 2 4 5 6 8 9 11 12 13 15 16 17 18 19 20 21 22 23 25 26 | 26.3
Fighting       | 1 2 |  2.6
Evocations     | 1 2 |  2.7
Air Magic      | 2 3 4 5 6 |  6.5
Charms         | 2 3 4 5 6 |  6.0
Ice Magic      | 1 2 4 5 |  5.4
Poison Magic   | 2 3 4 5 6 |  6.5
Shields        | 1 2 3 4 |  4.0
Earth Magic    | 3 4 7 10 | 10.4
Staves         | 8 |  8.4
Short Blades   | |  0.3
Armour         | |  0.2

Action                   |  1- 3 |  4- 6 |  7- 9 | 10-12 | 13-15 | 16-18 | 19-21 | 22-24 | 25-27 || total
-------------------------+-------+-------+-------+-------+-------+-------+-------+-------+-------++-------
Melee: Short sword       |     1 |     1 |       |       |     1 |    12 |     2 |     2 |       ||    19
       Dagger            |       |     6 |    20 |    18 |       |       |       |       |       ||    44
       Staff             |       |       |       |     5 |     9 |       |     3 |     2 |     2 ||    21
       Unarmed           |       |       |       |       |       |     3 |       |       |       ||     3
 Cast: Flame Tongue      |    55 |    92 |   173 |   187 |   214 |   129 |    92 |    64 |       ||  1006
       Throw Flame       |       |    13 |    14 |    74 |    43 |    23 |    44 |   105 |     2 ||   318
       Sticky Flame      |       |     6 |    17 |    52 |    80 |    66 |    23 |    26 |     2 ||   272
       Conjure Flame     |       |     1 |     5 |    12 |    11 |       |       |       |       ||    29
       Fireball          |       |       |    20 |   110 |   316 |   461 |   122 |    78 |    12 ||  1119
       Mephitic Cloud    |       |       |       |       |    17 |     3 |    12 |     1 |       ||    33
       Freezing Cloud    |       |       |       |       |    16 |     4 |    31 |    22 |    21 ||    94
       Iskenderun's Batt |       |       |       |       |     9 |       |       |       |       ||     9
       Ring of Flames    |       |       |       |       |     5 |     3 |     8 |     8 |     4 ||    28
       Venom Bolt        |       |       |       |       |    55 |    19 |    60 |    11 |    14 ||   159
       Bolt of Fire      |       |       |       |       |       |    10 |   129 |   376 |   128 ||   643
       Ignition          |       |       |       |       |       |    61 |   129 |   154 |    29 ||   373
       Iron Shot         |       |       |       |       |       |       |    74 |    66 |    53 ||   193
       Chain Lightning   |       |       |       |       |       |       |    10 |     3 |       ||    13
       Fire Storm        |       |       |       |       |       |       |       |    10 |    32 ||    42
Evoke: Wand              |       |       |       |    11 |       |     7 |     2 |     3 |     1 ||    24
       Staff of energy   |       |       |       |     1 |       |       |       |       |       ||     1
       Lightning rod     |       |       |       |       |       |     3 |       |       |       ||     3
  Use: Scroll            |       |     2 |     8 |    10 |    16 |    13 |    11 |    15 |     5 ||    80
       Potion            |       |       |     4 |     7 |    10 |    13 |     8 |     4 |     5 ||    51
 Stab: Sleeping          |       |     1 |       |       |       |       |       |       |       ||     1
       Distracted        |       |       |       |       |       |       |       |     1 |       ||     1
  Eat: Chunk             |       |     8 |    19 |    29 |    25 |    12 |     2 |       |       ||    95
       Ration            |       |       |       |       |     6 |    13 |    14 |    18 |     8 ||    59
Armor: Robe              |    11 |     9 |    13 |    30 |    50 |    61 |    29 |    28 |    14 ||   245
       Leather armour    |       |       |       |     2 |       |       |       |       |       ||     2
Dodge: Dodged            |    26 |    29 |    46 |   137 |   160 |   226 |   127 |   116 |    46 ||   913
Block: Buckler           |       |       |       |       |    30 |    73 |    32 |    46 |    23 ||   204
       Rpst.: Staff      |       |       |       |       |       |       |       |       |     2 ||     2
